 Dungeon Crawl Stone Soup version 0.29.1-15-g9cfb28693d (webtiles) character file.

Game seed: 4338430839608454808

36 Acheron the Conjurer (level 3, -2/24 HPs)
             Began as a Human Conjurer on Mar 31, 2023.
             Slain by Terence
             ... wielding a +0 short sword
              (4 damage)
             ... on level 2 of the Dungeon.
             The game lasted 00:05:32 (1589 turns).

Acheron the Conjurer (Human Conjurer)               Turns: 1589, Time: 00:05:33

Health: -2/24      AC:  2    Str:  9    XL:     3   Next: 57%
Magic:  6/6        EV: 12    Int: 18    God:
Gold:   52         SH:  0    Dex: 11    Spells: 3/6 levels left

rFire   . . .      SeeInvis .   h - +2 short sword (flame)
rCold   . . .      Faith    .   (no shield)
rNeg    . . .      Spirit   .   a - +0 robe
rPois   .          Reflect  .   (no helmet)
rElec   .          Harm     .   (no cloak)
rCorr   .          Rampage  .   (no gloves)
Will    .....                   (no boots)
Stlth   ++........              (no amulet)
HPRegen 0.08/turn               (no ring)
MPRegen 0.10/turn               (no ring)

@: no status effects
A: no striking features
a: no special abilities


You were on level 2 of the Dungeon.
You visited 1 branch of the dungeon, and saw 2 of its levels.

You collected 52 gold pieces.

Inventory:

Hand Weapons
 d - a +0 club
 f - a +0 dagger
 g - a +0 falchion
 h - a +2 short sword of flaming (weapon)
 k - a +0 vorpal mace
Armour
 a - a +0 robe (worn)
Scrolls
 i - a scroll of teleportation {unknown}
 l - a scroll of magic mapping {unknown}
Potions
 b - 2 potions of magic
 c - 2 potions of curing
 j - a potion of heal wounds


   Skills:
 + Level 0.1 Short Blades
 + Level 2.1 Dodging
 + Level 2.1 Stealth
 + Level 2.3 Spellcasting
 + Level 4.7 Conjurations


You had 3 spell levels left.
You knew the following spells:

 Your Spells              Type           Power      Damage    Failure   Level
a - Magic Dart            Conj           76%        1d6       2%          1
b - Searing Ray           Conj           38%        2d5       3%          2

Your spell library contained the following spells:

 Spells                   Type           Power      Damage    Failure   Level
 Beastly Appendage        Tmut           4%         N/A       19%         1
 Dazzling Flash           Conj/Hex       20%        N/A       21%         3
 Ensorcelled Hibernation  Hex/Ice        4%         N/A       26%         2
 Passwall                 Tmut/Erth      1%         N/A       26%         2
 Wereblood                Tmut           2%         N/A       26%         2
 Spider Form              Tmut/Pois      2%         N/A       47%         3
 Swiftness                Air            2%         N/A       47%         3
 Fulminant Prism          Conj/Hex       5%         3d7       54%         4
 Iskenderun's Mystic Bla  Conj/Tloc      10%        2d4       54%         4


Dungeon Overview and Level Annotations

Branches:
Dungeon (2/15)

Altars:

Annotations:
D:2 Terence


Message History

j - a potion of heal wounds You hit Terence but do no damage.
Terence shouts, "ATTACK!!!"
Terence barely misses you.
You hit Terence but do no damage. Terence misses you.
You hit Terence but do no damage. Terence closely misses you.
You hit Terence but do no damage. Terence barely misses you.
You barely miss Terence. Terence barely misses you. x2
You hit Terence but do no damage. Terence hits you with a +0 short sword.
You hit Terence but do no damage. Terence hits you with a +0 short sword.
You hit Terence. You burn Terence.
Terence is lightly wounded.
Terence misses you.
You hit Terence but do no damage.
Terence is lightly wounded.
Terence closely misses you.
You hit Terence but do no damage.
Terence is lightly wounded.
Terence closely misses you.
You barely miss Terence.
Terence is lightly wounded.
Terence hits you with a +0 short sword.
You hit Terence. You burn Terence.
Terence is heavily wounded.
Terence hits you with a +0 short sword.
You hit Terence but do no damage.
Terence is heavily wounded.
Terence closely misses you.
You hit Terence. You burn Terence.
Terence is severely wounded.
Terence hits you with a +0 short sword.
* * * LOW HITPOINT WARNING * * *
You hit Terence but do no damage.
Terence is severely wounded.
Terence hits you with a +0 short sword.
* * * LOW HITPOINT WARNING * * *
You hit Terence. You burn Terence.
Terence is almost dead.
Terence hits you with a +0 short sword.
You die...

#...##
#.@.##.#
#.))...#
#.
##<#####
... #.#
#.# #.##
...
#..###.#
##@#...#
#.@.#
##..#
#..#
####


You could see Terence.

Vanquished Creatures
  A dart slug (D:1)
  An endoplasm (D:1)
  3 giant cockroaches (D:1)
  6 goblins
  3 hobgoblins (D:1)
  3 bats (D:1)
  3 frilled lizards (D:1)
  9 kobolds
  2 rats (D:1)
  A spectral hobgoblin (D:1)
32 creatures vanquished.

Notes
Turn   | Place    | Note
-------+----------+-------------------------------------------
     0 | D:1      | Acheron the Human Conjurer began the quest for the Orb.
     0 | D:1      | Reached XP level 1. HP: 13/13 MP: 3/3
   294 | D:1      | Reached XP level 2. HP: 3/19 MP: 1/5
   649 | D:1      | Found a faded altar of an unknown god.
   683 | D:1      | Learned a level 2 spell: Searing Ray
   813 | D:1      | Reached XP level 3. HP: 23/24 MP: 6/6
  1562 | D:2      | Noticed Terence
  1589 | D:2      | Slain by Terence

Illustrated notes

Levels and vault maps discovered:
D:1:      nzn_arrival_crosshair, layout_basic,
          dreamdust_ecumenical_altar_drowned_temple, minmay_misc_feat_room,
          chequers_serial_rivers_room_a
D:2:      layout_rooms, mrwooster_statue_mirror, minmay_pentomino_r2,
          uniq_robin, uniq_terence

Action                   || total
-------------------------++-------
Melee: Dagger            ||    10
       Short sword       ||    64
       Falchion          ||     1
 Cast: Magic Dart        ||    25
  Use: Scroll            ||     2
 Stab: Sleeping          ||     2
Armor: Robe              ||    14
Dodge: Dodged            ||    48
